 Adventure DCSS version bcrawl-1.19-7-g22fd707d3b (webtiles) character file.

Game seed: 1044913435784663047

666 Leeroy the Carver (level 7, -4/41 HPs)
             Began as a Skeleton Reaver on Nov 14, 2019.
             Was a Priest of Vehumet.
             Slain by MeekVeins's ghost (8 damage)
             ... on level 4 of the Dungeon.
             The game lasted 00:12:55 (5241 turns).

Leeroy the Carver (Skeleton Reaver)                 Turns: 5241, Time: 00:12:55

Health: -4/41      AC:  7    Str: 19      XL:     7   Next: 31%
Magic:  0/11       EV: 12    Int: 12      God:    Vehumet [***...]
Gold:   323        SH:  4    Dex:  8 (9)  Spells: 10/12 levels left
                                        Lives:  0   Deaths: 2

rFire    . . .     SeeInvis .   a - +0 long sword
rCold    + . .     Gourm    .   i - +0 buckler
rNeg     + + +     Faith    .   b - +0 steam dragon scales
rPois    ∞         Spirit   +   n - +0 helmet
rElec    .         Reflect  .   (no cloak)
rCorr    .         Harm     .   p - +0 pair of gloves
MR       +....                  (no boots)
Stlth    +.........             (no amulet)
HPRegen  0.13/turn              (no ring)
MPRegen  0.12/turn              (no ring)

@: no status effects
A: no food or potions, cold resistance 1, deterioration 1, negative energy
resistance 3, powered by death 1, torment resistance, unbreathing, magic shield,
sturdy frame 1, spell healing
a: Renounce Religion


You were on level 4 of the Dungeon.
You worshipped Vehumet.
Vehumet was most pleased with you.
You were not hungry.

You visited 1 branch of the dungeon, and saw 4 of its levels.

You collected 323 gold pieces.

Inventory:

Hand Weapons
 a - a +0 long sword (weapon)
 f - a cursed -1 mace
 h - a +3 dagger
 u - a +0 long sword
 v - a +2 antimagic spear
 x - a +0 dagger of flaming
Missiles
 l - 100 poisoned needles
Armour
 b - +0 steam dragon scales (worn)
 i - a +0 buckler (worn)
 k - a +0 shield
 n - a +0 helmet (worn)
 p - a +0 pair of gloves (worn)
Wands
 m - a wand of disintegration (17)
Scrolls
 c - 4 scrolls of immolation
 d - 3 scrolls of teleportation {unknown}
 e - a scroll of amnesia
 g - 9 scrolls of identify
 j - a scroll of magic mapping {unknown}
 o - a scroll of fog {unknown}
 q - a scroll of fear
 r - a scroll of enchant weapon {unknown}
 s - a scroll of enchant armour {unknown}
 t - a scroll of noise {unknown}
 w - a scroll of remove curse {unknown}


   Skills:
 - Level 3.0 Fighting
 - Level 12.2 Long Blades
 - Level 3.0 Dodging
 - Level 3.0 Spellcasting
 - Level 0.4 Conjurations
 - Level 0.3 Air Magic
 - Level 0.1 Poison Magic


You had 10 spell levels left.
You knew the following spells:

 Your Spells              Type           Power        Failure   Level  Hunger
a - Shock                 Conj/Air       #....        10%         1    N/A
b - Sting                 Conj/Pois      #...         11%         1    N/A

Your spell library contained the following spells:

 Spells                   Type           Power        Failure   Level  Hunger
 Ignite Poison            Fire/Tmut/Pois #.......     30%         3    N/A
 Iskenderun's Battlesphe  Conj/Chrm      #.......     92%         5    N/A

Dungeon Overview and Level Annotations

Branches:
Dungeon (4/12)
 Temple: D:4-7

Altars:
Elyvilon
Fedhas
Lugonu
Qazlal
Trog
Vehumet
The Shining One

Annotations:
D:4 1 runed translucent door, MeekVeins's ghost, amateur DjRe


Innate Abilities, Weirdness & Mutations

You do not eat or drink.
You are immune to poison.
Your flesh is cold resistant. (rC+)
Your body sometimes deteriorates upon taking damage.
You are immune to negative energy. (rN+++)
You regenerate a little health from kills.
You are immune to unholy pain and torment.
You can survive without breathing.
When hurt, damage is shared between your health and your magic reserves.
Your movements are slightly less encumbered by armour. (ER -2)
Casting spells heals you.


Message History

Aiming: Shock (safe; 10% risk of failure)
Press: ? - help, Shift-Dir - straight line, f - MeekVeins's ghost
Aim: MeekVeins's ghost (lightly damaged)
The zap hits MeekVeins's ghost.
MeekVeins's ghost is lightly damaged.
MeekVeins's ghost hits you but does no damage.
You closely miss MeekVeins's ghost.
MeekVeins's ghost is lightly damaged.
You hit MeekVeins's ghost but do no damage.
MeekVeins's ghost is lightly damaged.
MeekVeins's ghost closely misses you.
You hit MeekVeins's ghost.
MeekVeins's ghost is moderately damaged.
MeekVeins's ghost stares at you and mumbles some strange words.
The magic dart hits you!
* * * LOW HITPOINT WARNING * * *
You closely miss MeekVeins's ghost.
MeekVeins's ghost is moderately damaged.
MeekVeins's ghost hits you!
You die...

### ###### ##..##.###.# #.#
#..#.####..#.## ##. #.#
#..#........## ## #######.#
#............## ##. ...(....#
#...#####..##.###.. #########
##...# #..###.#.## #..>.#####..#
##.## ###### #......))...########
.....## #..@...)##..........
......# ###W###.##...<...>..
####..#########≈rl##.##)#########
#..........#≈≈≈##.##.#
#.##########≈≈≈##.##.# #.#
#≈≈≈##.##.# #.# #≈)≈#...#.# #.#
#≈≈≈#...#.# #.# #≈≈≈#.<.#.##


You could see MeekVeins's ghost, a river rat and a leopard gecko.

Vanquished Creatures
  Grinder (D:4)
  A phantom (D:4)
  2 eyes of draining (D:4)
  An ogre (D:3)
  3 bullfrogs (D:4)
  A scorpion (D:3)
  A crimson imp (D:4)
  A bullfrog zombie (D:4)
  2 orc priests (D:4)
  A hound (D:4)
  3 orc wizards (D:4)
  3 worker ants (D:4)
  A hound skeleton (D:2)
  2 gnolls (D:4)
  4 adders
  A shadow imp (D:3)
  An adder skeleton (D:4)
  7 worms
  3 dart slugs
  4 leopard geckos
  13 orcs
  2 ball pythons
  5 giant cockroaches
  9 goblins
  7 hobgoblins
  7 jackals
  9 kobolds
  3 quokkas
  8 bats
  2 frilled lizards
  4 rats (D:1)
112 creatures vanquished.

Notes
Turn   | Place    | Note
-------+----------+-------------------------------------------
     0 | D:1      | Leeroy the Skeleton Reaver began the quest for the Orb.
     0 | D:1      | Reached XP level 1. HP: 14/14 MP: 4/4
    32 | D:1      | Reached skill level 4 in Long Blades
    71 | D:1      | Reached XP level 2. HP: 19/19 MP: 6/6
   207 | D:1      | Reached * piety under Vehumet
   207 | D:1      | Offered knowledge of Shock by Vehumet.
   210 | D:1      | Learned a level 1 spell: Shock
   371 | D:1      | Reached skill level 5 in Long Blades
   517 | D:1      | Reached XP level 3. HP: 23/23 MP: 7/7
  1607 | D:2      | Found a white marble altar of Elyvilon.
  1705 | D:2      | Found a blossoming altar of Fedhas.
  1966 | D:2      | Reached skill level 6 in Long Blades
  1966 | D:2      | Reached XP level 4. HP: 27/28 MP: 8/8
  2131 | D:3      | Found a radiant altar of Vehumet.
  2337 | D:3      | Reached ** piety under Vehumet
  2337 | D:3      | Offered knowledge of Sting by Vehumet.
  2337 | D:3      | Reached skill level 7 in Long Blades
  2337 | D:3      | Reached XP level 5. HP: 20/32 MP: 5/9
  2340 | D:3      | Learned a level 1 spell: Sting
  2472 | D:3      | Noticed an ogre
  2515 | D:3      | Killed an ogre
  2671 | D:3      | Found a stormy altar of Qazlal.
  2707 | D:3      | Reached skill level 8 in Long Blades
  2725 | D:3      | Gained mutation: You regenerate a little health from kills.
                  | [Skeleton growth]
  2725 | D:3      | Reached XP level 6. HP: 29/37 MP: 10/10
  2929 | D:3      | Found a corrupted altar of Lugonu.
  2929 | D:3      | Found a glowing golden altar of the Shining One.
  3182 | D:4      | Found a runed translucent door.
  3183 | D:4      | Noticed MeekVeins's ghost (amateur DjRe)
  3201 | D:4      | Noticed a sky beast
  3247 | D:3      | Slain by a sky beast
  3248 | D:3      | Reached XP level 5. HP: 0/32 MP: 0/9
  3292 | D:4      | Noticed a phantom
  3587 | D:4      | Killed a phantom
  3587 | D:4      | Reached skill level 9 in Long Blades
  3587 | D:4      | Reached XP level 6. HP: 28/37 MP: 7/10
  3724 | D:4      | Found a bloodstained altar of Trog.
  3743 | D:4      | Offered knowledge of Ignite Poison by Vehumet.
  4122 | D:4      | Noticed Grinder
  4168 | D:4      | Paralysed by Grinder for 2 turns
  4173 | D:4      | Killed Grinder
  4173 | D:4      | Reached skill level 10 in Long Blades
  4173 | D:4      | Reached XP level 7. HP: 31/41 MP: 3/11
  4289 | D:4      | Reached *** piety under Vehumet
  4522 | D:4      | Reached skill level 11 in Long Blades
  4853 | D:4      | Found a runed translucent door.
  4910 | D:4      | Reached XP level 8. HP: 19/46 MP: 4/12
  5123 | D:4      | HP: 2/46 [orc priest/divine providence (9)]
  5129 | D:4      | Killed from afar by an orc priest
  5130 | D:4      | Reached XP level 7. HP: -7/41 MP: 0/11
  5201 | D:4      | Reached skill level 12 in Long Blades
  5241 | D:4      | Slain by MeekVeins's ghost

Skill      XL: |  1  2  3  4  5  6  7 |
---------------+----------------------+-----
Long Blades    | 4 5 6 7 9 10 12 | 12.2
Fighting       | |  3.0
Dodging        | |  3.0
Spellcasting   | |  3.0
Conjurations   | |  0.4
Air Magic      | |  0.3
Poison Magic   | |  0.1

Action                   |  1- 3 |  4- 6 |  7- 9 || total
-------------------------+-------+-------+-------++-------
Melee: Long sword        |   151 |   308 |   141 ||   600
 Cast: Shock             |       |     7 |     1 ||     8
       Sting             |       |     7 |     5 ||    12
  Use: Scroll            |     1 |     2 |       ||     3
Armor: Steam dragon scal |    59 |    84 |    34 ||   177
Dodge: Dodged            |   102 |   159 |    46 ||   307
Block: Other             |     1 |    10 |     6 ||    17
